AoeStats
← dlvm

Oasis

507938828Analyzed
3v3 RM · 13d ago on Sep 20, 2026· 52m 40s· 6 players
Game mode
Random Map
Map size
Normal (6 player)
Population
200
Speed
Normal
Resources
Standard
Victory
Conquest
Starting age
Dark Age
Ending age
Imperial Age
RankedLock teamsTeams togetherTeam positionsShared explorationLock speedFull tech treeHidden civsTurbo modeCheats
Victory
Defeat
🇹🇼 Persians · Taiwan
1100
+15
🇹🇼 Gurjaras · Taiwan
1087
+15
🇹🇼 Magyars · Taiwan
1083
+15
🇳🇱 Goths · Netherlands
1088
-15
1082
-16
1045
-14
[SAPR] BAATBERT DE PATATENBONKER
7:10 Loom
10:14 Feudal Age
23:58 Double-Bit Axe
30:49 Castle Age
30:42 Horse Collar
31:09 Fletching
30:52 Crossbowman
31:38 Thumb Ring
32:25 Bodkin Arrow
41:33 Imperial Age
44:00 Conscription
50:37 Chemistry
49:57 Ballistics
49:13 Arbalester
51:23 Wheelbarrow
50:42 Gold Mining
50:42 Stone Mining
50:56 Heavy Plow
51:13 Bracer
52:22 Chemistry
dlvm
3:33 Loom
11:13 Feudal Age
12:51 Man-at-Arms
14:05 Forging
13:56 Scale Mail Armor
15:45 Fletching
37:19 Castle Age
35:59 Wheelbarrow
35:09 Town Watch
35:34 Stone Mining
35:35 Gold Mining
36:00 Horse Collar
36:24 Double-Bit Axe
38:49 Chain Mail Armor
39:10 Iron Casting
38:37 Pikeman
39:17 Squires
39:33 Heavy Plow
40:15 Anarchy
44:13 Bow Saw
53:57 Imperial Age
[SAPR] BONKBERT DE BATATENHATER
6:18 Loom
8:57 Feudal Age
21:19 Fletching
25:16 Wheelbarrow
24:48 Double-Bit Axe
26:06 Horse Collar
27:46 Padded Archer Armor
32:46 Castle Age
34:17 Hand Cart
34:15 Bow Saw
34:08 Heavy Plow
35:02 Squires
34:56 Pikeman
37:18 Scale Mail Armor
41:18 Chain Mail Armor
41:13 Forging
43:23 Iron Casting
50:43 Imperial Age
John9487
0:26 Loom
11:23 Feudal Age
15:21 Double-Bit Axe
19:10 Horse Collar
23:18 Fletching
29:55 Castle Age
28:13 Stone Mining
31:02 Bow Saw
30:54 Heavy Plow
33:17 Scale Barding Armor
35:25 Corvinian Army
37:58 Gold Mining
38:59 Ballistics
38:35 Murder Holes
39:50 Thumb Ring
43:48 Imperial Age
43:13 Gold Shaft Mining
42:51 Bodkin Arrow
42:57 Padded Archer Armor
44:13 Wheelbarrow
44:55 Recurve Bow
45:24 Heavy Cavalry Archer
47:51 Parthian Tactics
48:06 Bracer
48:19 Caravan
49:40 Two-Man Saw
50:27 Chemistry
50:17 Husbandry
50:28 Bloodlines
51:37 Conscription
danny83627danny83627
0:34 Loom
12:04 Feudal Age
13:45 Double-Bit Axe
18:29 Castle Age
16:29 Horse Collar
18:43 Scale Barding Armor
18:49 Forging
23:34 Bow Saw
26:16 Heavy Plow
31:26 Chain Barding Armor
31:41 Iron Casting
35:23 Murder Holes
39:33 Imperial Age
38:04 Ballistics
39:30 Scale Mail Armor
39:20 Fletching
39:58 Onager
40:47 Kshatriyas
41:55 Chemistry
42:09 Frontier Guards
42:11 Masonry
42:36 Bloodlines
42:26 Husbandry
41:46 Elite Shrivamsha Rider
43:06 Plate Barding Armor
42:59 Conscription
42:49 Elite Shrivamsha Rider
45:33 Heavy Camel Rider
47:51 Caravan
49:28 Elite Chakram Thrower
50:23 Bodkin Arrow
50:44 Chain Mail Armor
mzk_TsushimaRiko
6:40 Loom
43:15 Feudal Age
44:18 Horse Collar
44:26 Double-Bit Axe
45:19 Wheelbarrow
47:09 Castle Age
47:13 Scale Barding Armor
47:19 Forging
48:58 Chain Barding Armor
49:30 Bow Saw
49:06 Light Cavalry
50:25 Bloodlines
Connection lost

Rejoining the realm…

Still unreachable

The connection could not be restored.

Session expired

The server has moved on; the page needs a fresh start.